 Dungeon Crawl Stone Soup version 0.30-b1-2-g02819fbbbe (webtiles) character file.

Game seed: 10026543352559516767

447 prikolics the Grasshopper (level 7, -2/62 HPs)
             Began as a Naga Warper on Aug 7, 2023.
             Slain by an ice beast (10 damage)
             ... on level 5 of the Dungeon.
             The game lasted 00:28:43 (4011 turns).

prikolics the Grasshopper (Naga Warper)             Turns: 4011, Time: 00:28:43

Health: -2/62      AC:  7    Str: 13      XL:     7   Next: 3%
Magic:  10/11      EV:  9    Int: 15 (16) God:
Gold:   234        SH:  0    Dex:  9 (10) Spells: 6/11 levels left

rFire   + . .        a - +0 spear
rCold   . . .        (no shield)
rNeg    . . .        b - +0 leather armour
rPois   +            (no helmet)
rElec   .            (no cloak)
rCorr   .            (no gloves)
SInv    +            (no barding)
Will    .....        (no amulet) Stlth
                     s - +4 ring of protection
HPRegen 0.30/turn    z - ring of protection from fire
MPRegen 0.12/turn

%: no passive effects
@: short of breath, silenced, attractive, hasted, quick
A: AC +2, large, see invisible, deformed body, poison resistance, slowness 2,
spit poison 1, naga tail 1
a: Spit Poison


You were on level 5 of the Dungeon.
You visited 2 branches of the dungeon, and saw 6 of its levels.

You collected 234 gold pieces.

Inventory:

Hand Weapons
 a - a +0 spear (weapon)
 o - a +0 shortbow
 r - a +0 sling
Missiles
 d - 8 boomerangs of dispersal
 i - 12 stones
 w - 4 poisoned darts (quivered)
Armour
 b - a +0 leather armour (worn)
Jewellery
 h - a ring of protection from cold
 s - a +4 ring of protection (left hand)
 z - a ring of protection from fire (right hand)
Wands
 q - a wand of iceblast (2)
Scrolls
 c - 2 scrolls of blinking
 e - 2 scrolls of teleportation {unknown}
 f - a scroll of immolation {unknown}
 g - a scroll of butterflies {unknown}
 k - a scroll of vulnerability {unknown}
 m - a scroll of amnesia {unknown}
 n - a scroll of silence
 t - 2 scrolls of identify {unknown}
 y - 2 scrolls of fog {unknown}
Potions
 j - a potion of brilliance {unknown}
 p - 2 potions of attraction
 u - a potion of heal wounds {unknown}
 v - a potion of curing {unknown}
 x - 2 potions of lignification {unknown}


   Skills:
 + Level 3.0 Fighting
 + Level 3.1 Polearms
 + Level 1.8 Throwing
 - Level 1.0 Armour
 + Level 2.6 Dodging
 + Level 0.9 Stealth
 + Level 2.9 Spellcasting
 * Level 5.0 Translocations
 * Level 1.4 Fire Magic


You had 6 spell levels left.
You knew the following spells:

 Your Spells              Type           Power      Damage    Failure   Level
a - Blink                 Tloc           34%        N/A       4%          2
b - Volatile Blastmotes   Fire/Tloc      22%        2d11      21%         3

Your spell library contained the following spells:

 Spells                   Type           Power      Damage    Failure   Level
 Lesser Beckoning         Tloc           34%        N/A       4%          2
 Teleport Other           Tloc           17%        N/A       10%         3
 Vhi's Electric Charge    Tloc/Air       18%        N/A       26%         3
 Manifold Assault         Tloc           17%        N/A       32%         4
 Dazzling Flash           Conj/Hex       4%         N/A       61%         3
 Iskenderun's Mystic Bla  Conj/Tloc      9%         2d4       65%         4
 Starburst                Conj/Fire      2%         6d3       100%        6


Dungeon Overview and Level Annotations

Branches:
Dungeon (5/15)             Temple (1/1) D:4

Altars:
Ashenzari
Cheibriados
Dithmenos
Fedhas
Kikubaaqudgha
Makhleb
Okawaru
Ru
Trog
Vehumet
Xom
Zin
The Shining One

Annotations:
D:5 Eustachio


Innate Abilities, Weirdness & Mutations

Your serpentine skin is tough. (AC +2)
You have supernaturally acute eyesight. (SInv)
Armour fits poorly on your strangely shaped body.
Your system is resistant to poisons. (rPois)
You cover ground very slowly.
You can spit poison.
You have a snake-like lower body.


Message History

Eustachio the Magnificent comes into view.
He is wielding a +0 rapier.
The orc throws a stone.
The stone hits you but does no damage.
As you read the scroll labelled TAISOMOAROE, it crumbles to dust.
A profound silence engulfs you.
It was a scroll of silence.
You feel yourself speed up.
The orc throws a stone.
The stone closely misses you. Eustachio hits you with a +0 rapier.
Aiming: Spit Poison (1% risk of failure)
Press: ? - help, Shift-Dir - straight line, f - Eustachio, p - ice beast
Aim: Eustachio, wielding a +0 rapier and wearing a +0 leather armour (silenced, 45% to hit)
The splash of poison hits Eustachio.
Eustachio is poisoned.
Eustachio is lightly wounded.
Eustachio closely misses you.
You have got your breath back.
You feel stable enough to blink again.
Found 9 gold pieces.
Eustachio attacks as you move away! Eustachio hits you with a +0 rapier.
Eustachio attacks as you move away! Eustachio hits you with a +0 rapier.
Aiming: Spit Poison (1% risk of failure)
Press: ? - help, Shift-Dir - straight line, f/p - Eustachio
Aim: Eustachio, wielding a +0 rapier and wearing a +0 leather armour (silenced, moderately wounded, poisoned, 45% to hit)
The splash of poison misses Eustachio.
Eustachio hits you with a +0 rapier.
* * * LOW HITPOINT WARNING * * *
You see here 9 gold pieces.
Eustachio looks more healthy.
You have got your breath back.
Aiming: Spit Poison (1% risk of failure)
Press: ? - help, Shift-Dir - straight line, f/p - Eustachio
Aim: Eustachio, wielding a +0 rapier and wearing a +0 leather armour (silenced, moderately wounded, 45% to hit)
The splash of poison misses Eustachio.
It was a potion of attraction.
You feel attractive to monsters. The ice beast is attracted toward you.
The orc is attracted toward you. Eustachio hits you with a +0 rapier.
* * * LOW HITPOINT WARNING * * *
The ice beast hits you but does no damage.
Eustachio barely misses you. The ice beast hits you.
* * * LOW HITPOINT WARNING * * *
The ice beast freezes you!
You die...

######## #......#
#......# #......#
##......# #.@@....#
#.oY....#
###########ยง......#
#.....o...$...#.###
#......##########
#......# #......#
#......# #......#


You could see Eustachio, an ice beast and an orc.

Vanquished Creatures
  3 scorpions (D:5)
  A jelly (D:5)
  An orc priest (D:4)
  An iguana (D:4)
  Ijyb (D:3)
  7 adders
  A dart slug (D:1)
  6 orcs
  6 endoplasms
  2 giant cockroaches
  5 hobgoblins
  3 jackals (D:3)
  7 kobolds
  3 quokkas
  13 ball pythons
  4 bats
  3 frilled lizards
  12 goblins
  6 rats
  A bush (D:1)
86 creatures vanquished.

Vanquished Creatures (others)
  2 plants (D:1)
2 creatures vanquished.

Grand Total: 88 creatures vanquished

Notes
Turn   | Place    | Note
-------+----------+-------------------------------------------
     0 | D:1      | prikolics the Naga Warper began the quest for the Orb.
     0 | D:1      | Reached XP level 1. HP: 19/19 MP: 3/3
    70 | D:1      | Reached XP level 2. HP: 21/26 MP: 5/5
    86 | D:1      | Learned a level 2 spell: Blink
   784 | D:1      | Reached XP level 3. HP: 29/32 MP: 6/6
   821 | D:1      | Found a faded altar of an unknown god.
  1138 | D:2      | Reached skill level 1 in Armour
  1413 | D:2      | Learned a level 3 spell: Volatile Blastmotes
  1613 | D:3      | Reached XP level 4. HP: 39/39 MP: 7/7
  1753 | D:3      | Found a bloodstained altar of Trog.
  2329 | D:3      | Reached skill level 4 in Translocations
  2489 | D:3      | Noticed Ijyb
  2523 | D:3      | Killed Ijyb
  2524 | D:3      | Reached skill level 1 in Throwing
  2524 | D:3      | Reached XP level 5. HP: 22/46 MP: 1/8
  3347 | D:4      | Found a staircase to the Ecumenical Temple.
  3375 | D:4      | Reached XP level 6. HP: 54/55 MP: 5/9
  3393 | Temple   | Entered the Ecumenical Temple
  3815 | D:5      | Entered Level 5 of the Dungeon
  3941 | D:5      | Reached skill level 1 in Fire Magic
  3965 | D:5      | Reached skill level 5 in Translocations
  3965 | D:5      | Reached XP level 7. HP: 31/62 MP: 8/11
  3988 | D:5      | Noticed Eustachio
  4011 | D:5      | Slain by an ice beast

Illustrated notes

Levels and vault maps discovered:
D:1:      nicolae_arrival_memento_mori, layout_rooms,
          shapermc_ecumenical_altar_notcrosses, serial_forest,
          infiniplex_forest_straight_1, infiniplex_forest_clump_tiny,
          infiniplex_forest_end_3, infiniplex_forest_corner_2,
          infiniplex_forest_lined_corner
D:2:      layout_basic
D:3:      kennysheep_goblin_castle, layout_loops_ring,
          mainiacjoe_overflow_tiny_flanked
D:4:      layout_cave_pools, temple_pool_b, kennysheep_minor_cross
D:5:      layout_basic, lightli_ossuary_entry_decrepit_ruins, minmay_between,
          uniq_menkaure, uniq_eustachio, uniq_crazy_yiuf_cottage
Temple:   nicolae_temple_bog_church

Skill      XL: |  1  2  3  4  5  6 |
---------------+-------------------+-----
Dodging        | 2 |  2.6
Armour         | 1 |  1.0
Translocations | 4 5 |  5.0
Throwing       | 1 |  1.8
Polearms       | 3 |  3.1
Fire Magic     | 1 |  1.4
Fighting       | 3 |  3.0
Stealth        | |  0.9
Spellcasting   | |  2.9

Action                     |  1- 3 |  4- 6 |  7- 9 || total
---------------------------+-------+-------+-------++-------
  Melee: Spear             |   376 |   134 |       ||   510
         Punch             |     2 |     1 |       ||     3
  Throw: Dart              |       |    20 |     3 ||    23
         Stone             |       |    25 |       ||    25
         Boomerang         |       |     1 |       ||     1
   Cast: Blink             |     2 |    23 |     2 ||    27
         Volatile Blastmot |       |     1 |       ||     1
Ability: Spit Poison       |    42 |    60 |     4 ||   106
    Use: Potion            |       |     2 |     2 ||     4
         Scroll            |       |       |     1 ||     1
 Armour: Leather armour    |    22 |    71 |     4 ||    97
  Dodge: Dodged            |    54 |    74 |     4 ||   132
